Match 22804234
Unlisted

Match 22804234
End
Construct Infanterie Kompanie
Selects Italian Coastal Battlegroup
Selects Coastal Reserves
Coastal Reserve
MG 42 Machine Gun Team
MG 42 Machine Gun Team
GrW 34 Mortar Team
Construct Luftwaffe Kompanie
Jäger Squad
Selects Artillery Officer
Support Elements
Jäger Squad
Wirbelwind Flakpanzer
Artillery Officer
Marder III M Tank Destroyer
Pioneer Squad
Construct Panzergrenadier Kompanie
Selects Obice da 210/22 Artillery Emplacement
Pak 40 Anti-tank Gun Team
razzie
mAnAnAn
banksss33
CPAP-Papi
BigDog
UBISOFT
0
0

Comments sign in to comment!

No comments posted yet!